 Dungeon Crawl Stone Soup version 0.17-a0-1197-g2d00c63 (webtiles) character file.

10755 Kidiri the Covert (level 11, -2/58 HPs)
             Began as a Spriggan Assassin on June 2, 2015.
             Was a Believer of Dithmenos.
             Slain by a skeletal warrior
             ... wielding a +0 halberd
              (16 damage)
             ... on level 10 of the Dungeon.
             The game lasted 01:32:34 (14428 turns).

Kidiri the Covert (Spriggan Assassin)              Turns: 14428, Time: 01:32:34

Health: -2/58      AC:  7    Str:  7    XL:     11   Next: 40%
Magic:  14/14      EV: 29    Int: 13    God:    Dithmenos [**....]
Gold:   439        SH:  0    Dex: 23    Spells: 0 memorised, 10 levels left

rFire  . . .     SeeInvis +     h - +2 dagger (speed)
rCold  . . .     Clarity  .     F - +0 troll leather armour
rNeg   . . .     SustAt   .     (shield restricted)
rPois  +         Gourm    .     (helmet restricted)
rElec  .         Spirit   .     d - +1 cloak
rCorr  .         Warding  .     (gloves unavailable)
rMut   .         Stasis   .     (boots unavailable)
MR     ++...                    (no amulet)
Stlth  ++++++++..               m - ring of poison resistance
                                k - ring of protection from magic

@: wreathed by umbra, very quick, very resistant to hostile enchantments,
extraordinarily stealthy
A: unfitting armour, see invisible, agile 1, herbivore 3, speed 3, shaggy fur 1,
slow metabolism 2
a: Shadow Step, Renounce Religion


You were on level 10 of the Dungeon.
You worshipped Dithmenos.
Dithmenos was pleased with you.
You were not hungry.

You visited 2 branches of the dungeon, and saw 11 of its levels.
You also visited: Bailey.

You collected 574 gold pieces.
You spent 135 gold pieces at shops.

Inventory:

Hand weapons
 a - a +2 dagger of venom
 b - a +2 blowgun
 h - a +2 dagger of speed (weapon)
 y - a +4 quarterstaff of chaos
Missiles
 c - 7 tomahawks of dispersal
 e - 91 poisoned needles
 r - 8 curare-tipped needles
 G - 61 tomahawks of returning (quivered)
Armour
 d - a +1 cloak (worn)
 t - a +2 robe of magic resistance
 w - a +0 robe of fire resistance
 F - a +0 troll leather armour (worn)
 K - a +1 robe of positive energy
Magical staves
 C - an uncursed staff of energy
Jewellery
 k - a ring of protection from magic (left hand)
 m - a ring of poison resistance (right hand)
Magical devices
 x - a wand of cold (1)
 E - a wand of lightning (8)
 L - a wand of paralysis (12)
Scrolls
 j - 7 scrolls of remove curse
 o - 3 scrolls of teleportation
 v - 2 scrolls of amnesia
 A - 3 scrolls of enchant weapon
 D - a scroll of fog
Potions
 f - 5 potions of flight
 i - 10 potions of curing
 n - 2 potions of might
 p - a potion of invisibility
 q - a potion of lignification
 s - 3 potions of magic
 z - a potion of ambrosia
 B - 2 potions of brilliance {unknown}
 H - 2 potions of heal wounds
 I - a potion of cure mutation {unknown}
 J - 2 potions of haste
Comestibles
 g - 3 bread rations
 l - 2 royal jellies
 u - 6 slices of pizza


   Skills:
 * Level 6.5 Fighting
 * Level 7.9 Short Blades
 * Level 8.8 Throwing
 + Level 3.7 Armour
 * Level 11.1 Dodging
 * Level 12.5 Stealth
 + Level 3.9 Invocations


You had 10 spell levels left.
You didn't know any spells.

Dungeon Overview and Level Annotations

Branches:
Dungeon (10/15)            Temple (1/1) D:5             Orc (0/4) D:9
   Lair: D:8-11

Altars:
Ashenzari
Cheibriados
Dithmenos
Elyvilon
Fedhas
Gozag
Kikubaaqudgha
Makhleb
Nemelex Xobeh
Okawaru
Qazlal
Ru
Sif Muna
Trog
Vehumet
Xom
Yredelemnul
Zin
The Shining One
Beogh

Shops:
D:4 [   D:5 *[[%(


Innate Abilities, Weirdness & Mutations

You are tiny and cannot use many weapons and most armour.
You have supernaturally acute eyesight.
You are a herbivore.
You cover ground extremely quickly.
You need consume almost no food.
You are agile. (Dex +2)
You are covered in fur (AC +1).


Message History

The skeletal warrior is severely damaged.
You hit the skeletal warrior.
The skeletal warrior is severely damaged.
The skeletal warrior hits you with a halberd!!
* * * LOW HITPOINT WARNING * * *
You barely miss the skeletal warrior.
The skeletal warrior is severely damaged.
You hit the skeletal warrior but do no damage.
The skeletal warrior is severely damaged.
You hit the skeletal warrior but do no damage.
The skeletal warrior is severely damaged.
The skeletal warrior completely misses you.
You hit the skeletal warrior.
The skeletal warrior is severely damaged.
You hit the skeletal warrior but do no damage.
The skeletal warrior is severely damaged.
You hit the skeletal warrior.
The skeletal warrior is severely damaged.
The skeletal warrior hits you with a halberd!
You die...

......................#######....
..............)..................
.................................
............................#####
........)........................
†........[..................#....
......................#.....#....
................z.....#.....#....
................@.....#.....#....
......................#.....#....
..............).............#....
..[..............................
......)..........................
.................................
.>..............................}
......................#..........
......................#..........


You could see a skeletal warrior.

Vanquished Creatures
  Erica (D:10)
  The ghost of OrbSeeker the Carver, an experienced DsGl of Makhleb (D:8)
  2 skeletal warriors (D:10)
  Pikel (D:4)
  The ghost of WhatIsLove the Archer, an experienced HEHu (D:5)
  Joseph (D:10)
  A kobold demonologist (D:9)
  A troll (D:9)
  Sigmund (D:3)
  2 yaks (D:9)
  Eustachio (D:5)
  2 hippogriffs (D:10)
  Grum (D:8)
  4 wolves (D:8)
  Menkaure (D:4)
  A hungry ghost (D:8)
  2 slaves (D:4)
  5 ice beasts
  6 orc warriors
  2 sky beasts
  A phantom (D:9)
  A black bear (D:9)
  3 ogres
  5 centaurs
  11 big kobolds
  Blork the orc (D:5)
  6 giant frogs
  A scorpion (D:9)
  A water moccasin zombie (D:8)
  3 killer bees (D:9)
  2 centaur zombies
  2 jellies
  A centaur skeleton (D:9)
  A crimson imp (D:5)
  3 orc priests
  3 hounds
  Crazy Yiuf (D:5)
  6 orc wizards
  A gnoll shaman (D:5)
  Jessica (D:3)
  A hell rat (D:5)
  Terence (D:3)
  Natasha (twice) (D:3)
  An iguana (D:4)
  8 worker ants
  A hound zombie (D:8)
  2 hound skeletons (D:5)
  A worker ant zombie (D:8)
  8 river rats (D:5)
  9 adders
  35 gnolls
  3 shadow imps (D:9)
  An ooze (D:1)
  3 worms
  22 orcs
  18 bats
  15 goblins
  28 hobgoblins
  3 jackals
  38 kobolds
  3 quokkas
  2 ball pythons
  3 giant cockroaches
  A giant gecko (D:5)
  3 giant newts
  A jackal skeleton (D:8)
  A quokka skeleton (D:8)
  36 rats
341 creatures vanquished.

Vanquished Creatures (others)
  A jackal (D:4)
1 creature vanquished.

Grand Total: 342 creatures vanquished

Notes
Turn   | Place    | Note
--------------------------------------------------------------
     0 | D:1      | Kidiri the Spriggan Assassin began the quest for the Orb.
     0 | D:1      | Reached XP level 1. HP: 10/10 MP: 2/2
   152 | D:1      | Reached skill level 1 in Short Blades
   228 | D:1      | Reached XP level 2. HP: 12/15 MP: 3/3
   519 | D:1      | Reached skill level 6 in Stealth
   666 | D:1      | Reached XP level 3. HP: 18/18 MP: 4/4
  1579 | D:3      | Reached XP level 4. HP: 23/23 MP: 5/5
  1658 | D:3      | Noticed Natasha
  1661 | D:3      | Killed Natasha
  1681 | D:3      | Noticed Terence
  1685 | D:3      | Killed Terence
  1685 | D:3      | Reached XP level 5. HP: 27/27 MP: 6/6
  1863 | D:3      | Noticed Sigmund
  1880 | D:3      | Killed Sigmund
  1880 | D:3      | Reached skill level 1 in Armour
  1880 | D:3      | Reached skill level 7 in Stealth
  1880 | D:3      | Reached XP level 6. HP: 30/32 MP: 7/7
  2112 | D:3      | Noticed Jessica
  2118 | D:3      | Found a burning altar of Makhleb.
  2119 | D:3      | Killed Jessica
  2253 | D:3      | Noticed Natasha
  2265 | D:3      | Killed Natasha
  2559 | D:4      | Found Punguozo's Antique Armour Emporium.
  2952 | D:4      | Reached XP level 7. HP: 10/36 MP: 8/8
  3229 | D:4      | Reached skill level 5 in Dodging
  3552 | D:4      | Noticed Pikel
  3629 | D:4      | Killed Pikel
  3629 | D:4      | Reached skill level 8 in Stealth
  3629 | D:4      | Reached XP level 8. HP: 22/41 MP: 9/9
  3905 | D:4      | Noticed Menkaure
  3910 | D:4      | Killed Menkaure
  4576 | D:5      | Entered Level 5 of the Dungeon
  4576 | D:5      | Noticed Blork the orc
  4579 | D:5      | Killed Blork the orc
  4579 | D:5      | Reached skill level 5 in Throwing
  4704 | D:5      | Found a shimmering altar of Xom.
  4705 | D:5      | Reached skill level 9 in Stealth
  4706 | D:5      | Noticed Eustachio
  4812 | D:5      | Found Unwoaheto's Armour Shoppe.
  4838 | D:5      | Killed Eustachio
  4906 | D:5      | Found Caantar's Antique Weapon Shop.
  4949 | D:5      | Found Zasat's Food Shop.
  5000 | D:5      | Reached skill level 5 in Short Blades
  5312 | D:5      | Found a blossoming altar of Fedhas.
  5494 | D:5      | Found a staircase to the Ecumenical Temple.
  5515 | D:5      | Reached XP level 9. HP: 46/46 MP: 10/10
  5522 | Temple   | Entered the Ecumenical Temple
  5555 | Temple   | Became a worshipper of Dithmenos the Shadowed
  6329 | D:5      | Noticed WhatIsLove's ghost (experienced HEHu)
  6383 | D:5      | Killed WhatIsLove's ghost
  6383 | D:5      | Reached skill level 10 in Stealth
  6583 | D:5      | Found Vywk's Assorted Antiques.
  6591 | D:5      | Bought a scroll of identify for 54 gold pieces
  6591 | D:5      | Bought a potion of curing for 81 gold pieces
  6609 | D:5      | Noticed Crazy Yiuf
  6616 | D:5      | Killed Crazy Yiuf
  6697 | D:5      | Found Perhel's Antique Armour Shoppe.
  6904 | D:6      | Gained mutation: You are agile. (Dex +2) [potion of mutation]
  6904 | D:6      | Gained mutation: You are covered in fur (AC +1). [potion of mutation]
  7013 | D:6      | Found a shattered altar of Ashenzari.
  7105 | D:6      | Found an iron altar of Okawaru.
  7106 | D:6      | Found a deep blue altar of Sif Muna.
  7115 | D:6      | Found a snail-covered altar of Cheibriados.
  7115 | D:6      | Found a shattered altar of Ashenzari.
  7119 | D:6      | Found a glowing silver altar of Zin.
  7119 | D:6      | Found a stormy altar of Qazlal.
  7396 | D:6      | Reached skill level 1 in Invocations
  8258 | D:7      | Reached skill level 5 in Fighting
  8463 | D:7      | Found a radiant altar of Vehumet.
  8801 | D:8      | Noticed Grum
  8868 | D:8      | Killed Grum
  8935 | D:8      | Reached XP level 10. HP: 30/51 MP: 12/12
  9140 | D:8      | Found a flagged portal.
  9169 | Bailey   | Entered a bailey
  9174 | Bailey   | Acquired Dithmenos's first power
  9990 | D:8      | Reached skill level 11 in Stealth
 10100 | D:8      | Noticed OrbSeeker's ghost (experienced DsGl)
 10222 | D:8      | Killed OrbSeeker's ghost
 10615 | D:8      | Found a basalt altar of Yredelemnul.
 10621 | D:8      | Acquired Dithmenos's second power
 10889 | D:9      | Found a sparkling altar of Nemelex Xobeh.
 11017 | D:9      | Found a staircase to the Orcish Mines.
 11080 | D:9      | Found a roughly hewn altar of Beogh.
 11128 | D:9      | Reached skill level 10 in Dodging
 11541 | D:9      | Noticed an ice devil
 12496 | D:9      | Found a stormy altar of Qazlal.
 13016 | D:9      | Reached XP level 11. HP: 46/56 MP: 14/14
 13340 | D:10     | Entered Level 10 of the Dungeon
 13353 | D:10     | Noticed Erica
 13471 | D:10     | Reached skill level 12 in Stealth
 13493 | D:10     | Killed Erica
 13670 | D:10     | Noticed Joseph
 13678 | D:10     | Killed Joseph
 13939 | D:10     | Noticed a skeletal warrior
 13939 | D:10     | Noticed a skeletal warrior
 13952 | D:10     | Noticed a skeletal warrior
 14145 | D:10     | Killed a skeletal warrior
 14209 | D:10     | Killed a skeletal warrior
 14428 | D:10     | Slain by a skeletal warrior

Vault maps used:
D:1:      minmay_arrival_checkered_box
D:3:      bloody_makhleb, uniq_natasha, uniq_jessica, uniq_terence, uniq_sigmund
D:4:      serial_shops, nicolae_shop_stone, uniq_pikel, uniq_menkaure
D:5:      lemuel_ratsnest, lemuel_crystal_altar, minmay_temple_entry_mist,
          serial_shops, shop, nicolae_shop_overgrown_old_shop,
          nicolae_shop_overgrown_old_shop, nicolae_shop_crystal,
          nicolae_shop_statue_plus, first_bread, nrook_uturn,
          serial_park_tiny_pond, lemuel_statue_altar, uniq_blork_the_orc,
          uniq_crazy_yiuf_cottage, uniq_eustachio
D:6:      nicolae_overflow_hidden_temple, grunt_temple_overflow_open,
          ashenzari_altar_1
D:7:      wad_pebble_path, lemuel_round_altar
D:8:      lemuel_crystal_altar, enter_bailey_7, special_room, uniq_grum
D:9:      lemuel_round_altar, minmay_orc_entry_temple_small, basic_altar
D:10:     dpeg_oklobed_lair, uniq_fannar, uniq_joseph, uniq_erica
Temple:   jpeg_temple_alley_garden_8
Bailey:   bailey_axe_2, bailey

Action                   |  1- 3 |  4- 6 |  7- 9 | 10-12 || total
-------------------------+-------+-------+-------+-------++-------
Melee: Dagger            |    72 |   135 |   528 |   751 ||  1486
 Fire: Blowgun           |    26 |    19 |    50 |    84 ||   179
Throw: Tomahawk          |       |       |       |   124 ||   124
Invok: Shadow Step       |       |       |       |     8 ||     8
  Use: Scroll            |     2 |     5 |    11 |     6 ||    24
       Potion            |       |     1 |     2 |     2 ||     5
 Stab: Sleeping          |    24 |    15 |    29 |    27 ||    95
       Distracted        |       |     1 |     3 |     4 ||     8
  Eat: Bread ration      |       |       |     1 |     1 ||     2
